 Dungeon Crawl Stone Soup version 0.29-a0-344-ge2f44be95a (webtiles) character file.

Game seed: 18043807947853498543

767 Agony the Shield-Bearer (level 7, -4/70 HPs)
             Began as a Troll Fighter on Apr 22, 2022.
             Slain by a gnoll sergeant
             ... wielding a +0 trident
              (13 damage)
             ... on level 5 of the Dungeon.
             The game lasted 00:07:27 (3275 turns).

Agony the Shield-Bearer (Troll Fighter)             Turns: 3275, Time: 00:07:28

Health: -4/70      AC:  4    Str: 27    XL:     7   Next: 52%
Magic:  2/2        EV:  9    Int:  7    God:
Gold:   60         SH:  8    Dex:  9    Spells: 6/6 levels left

rFire   . . .      SeeInvis .   k - +5 whip "Ipporad" {antimagic, +Blink Int+3 Stlth+}
rCold   . . .      Faith    .   c - +0 kite shield
rNeg    + . .      Spirit   .   b - +0 robe
rPois   .          Reflect  .   (helmet restricted)
rElec   .          Harm     .   (no cloak)
rCorr   .          Rampage  .   (gloves unavailable)
Will    .....                   (boots unavailable)
Stlth   ++........              (no amulet)
HPRegen 1.01/turn               j - ring of positive energy
MPRegen 0.08/turn               (no ring)

@: mighty
A: large, unfitting armour, claws 3, regeneration 1, shaggy fur 1, tough skin 1
a: Evoke Blink


You were on level 5 of the Dungeon.
You visited 1 branch of the dungeon, and saw 5 of its levels.

You collected 200 gold pieces.
You spent 140 gold pieces at shops.

Inventory:

Hand Weapons
 a - a +1 flail
 k - the +5 whip "Ipporad" (weapon) {antimagic, +Blink Int+3 Stlth+}
   (You found it on level 2 of the Dungeon)

   It reduces the magical energy of the wielder, and disrupts the spells and
   magical abilities of those it strikes.
   Natural abilities and divine invocations are not affected.
   Int:       It affects your intelligence (+3).
   +Blink:    It lets you blink.
   Stlth:     It makes you more stealthy.
Armour
 b - a +0 robe (worn)
 c - a +0 kite shield (worn)
Jewellery
 j - a ring of positive energy (left claw)
 r - a ring of fire
Scrolls
 f - 3 scrolls of identify {unknown}
 g - a scroll of amnesia {unknown}
 h - 2 scrolls of enchant weapon
 l - a scroll of blinking {unknown}
 n - a scroll of teleportation
 o - a scroll of acquirement {unknown}
Potions
 d - 3 potions of might
 e - a potion of curing {unknown}
 i - a potion of heal wounds
 m - 2 potions of attraction
 p - 2 potions of lignification {unknown}
 q - 2 potions of flight
 s - a potion of haste {unknown}


   Skills:
 + Level 4.2 Fighting
 + Level 4.1 Maces & Flails
 + Level 4.2 Dodging
 + Level 4.2 Shields


You had 6 spell levels left.
You didn't know any spells.
Your spell library contained the following spells:

 Spells                   Type           Power      Damage    Failure   Level
 Petrify                  Tmut/Erth      0%         N/A       100%        4
 Iskenderun's Battlesphe  Conj           0%         2d6       100%        5
 Metabolic Englaciation   Hex/Ice        0%         N/A       100%        5
 Iron Shot                Conj/Erth      0%         9d1       100%        6
 Statue Form              Tmut/Erth      0%         N/A       100%        6
 Spellforged Servitor     Conj/Summ      0%         N/A       100%        7


Dungeon Overview and Level Annotations

Branches:
Dungeon (5/15)
 Temple: D:4-7

Altars:

Shops:
D:4 !


Innate Abilities, Weirdness & Mutations

You are too large for most types of armour.
You have claws for hands.
Your natural rate of healing is unusually fast.
You are covered in fur. (AC +1)
You have tough skin. (AC +1)


Message History

You hit the gnoll sergeant but do no damage.
The gnoll sergeant is almost dead.
The gnoll sergeant hits you with a +0 trident!
You hit the gnoll sergeant.
You kill the gnoll sergeant!
You feel very mighty all of a sudden. The wight hits you with a +0 falchion.
You closely miss the wight. You block the wight's attack.
You barely miss the wight. You block the wight's attack.
The gnoll sergeant hits you from afar with a +0 trident.
You hit the wight.
The wight is lightly damaged.
The wight hits you with a +0 falchion. You block the gnoll sergeant's attack.
You whack the wight!
You destroy the wight!
The gnoll sergeant misses you.
The gnoll sergeant hits you with a +0 trident!
* * * LOW HITPOINT WARNING * * *
Items here: )) [[[.
The gnoll sergeant blocks your attack.
The gnoll sergeant hits you with a +0 trident.
* * * LOW HITPOINT WARNING * * *
The gnoll sergeant blocks your attack. The gnoll sergeant barely misses you.
You hit the gnoll sergeant.
The gnoll sergeant is lightly wounded.
A wight comes into view. It is wielding a +0 falchion.
The gnoll sergeant hits you with a +0 trident.
* * * LOW HITPOINT WARNING * * *
You hit the gnoll sergeant.
The gnoll sergeant is lightly wounded.
The gnoll sergeant closely misses you.
You thrash the gnoll sergeant!!
The gnoll sergeant is almost dead.
A gnoll sergeant comes into view. It is wielding a +0 trident.
The gnoll sergeant hits you with a +0 trident!
* * * LOW HITPOINT WARNING * * *
The gnoll sergeant blocks your attack.
The gnoll sergeant is almost dead.
The gnoll sergeant hits you with a +0 trident!
You die...

#.#.....## #.# #.#
#........####.######.#
#.................##.#
#........####.###..#.#
#.#.....## #.###.....
#.......# #........#
#####.### #####...##
#.# ##.## #@# #.# #g#
#.# ###.##### ##+#
#.......# ##<<.##
#.....#.# ##.....#
#.#.#z). ####.......
#.#.................
#....g.....+........
#.....###..#........


You could see 2 gnoll sergeants and a wight.

Vanquished Creatures
  Sigmund (D:2)
  A phantom (D:4)
  A scorpion (D:4)
  A necrophage (D:4)
  A gnoll sergeant (D:5)
  A wight (D:5)
  2 howler monkeys (D:4)
  A jelly (D:2)
  Natasha (thrice) (D:3)
  Robin (D:3)
  4 gnolls (D:3)
  2 adders (D:2)
  A dart slug (D:1)
  5 endoplasms
  4 giant cockroaches
  7 goblins
  9 hobgoblins
  4 jackals (D:2)
  5 kobolds
  A quokka (D:2)
  7 ball pythons
  5 bats
  A frilled lizard (D:3)
  6 rats
74 creatures vanquished.

Notes
Turn   | Place    | Note
-------+----------+-------------------------------------------
     0 | D:1      | Agony the Troll Fighter began the quest for the Orb.
     0 | D:1      | Reached XP level 1. HP: 22/22 MP: 0/0
   309 | D:1      | Reached XP level 2. HP: 29/29 MP: 1/1
   806 | D:2      | Identified the +5 whip "Ipporad" {antimagic, +Blink Int+3
                  | Stlth+}
   968 | D:2      | Reached XP level 3. HP: 29/36 MP: 0/2
   995 | D:2      | Noticed Sigmund
  1014 | D:2      | HP: 1/36 [something (7)]
  1052 | D:2      | Killed Sigmund
  1053 | D:2      | Reached XP level 4. HP: 8/45 MP: 1/3
  1053 | D:2      | Reached XP level 5. HP: 9/53 MP: 1/4
  1167 | D:2      | Found a faded altar of an unknown god.
  1475 | D:2      | Identified the +4 hunting sling of the Slime-mould {freeze,
                  | rPois Int+6}
  1658 | D:3      | Noticed Natasha
  1668 | D:3      | Killed Natasha
  1708 | D:3      | Noticed Robin
  1715 | D:3      | Reached XP level 6. HP: 61/61 MP: 1/5
  1726 | D:3      | Killed Robin
  1746 | D:3      | Noticed Natasha
  1759 | D:3      | Killed Natasha
  2130 | D:3      | Noticed Natasha
  2140 | D:3      | Killed Natasha
  2689 | D:4      | Reached XP level 7. HP: 60/68 MP: 2/6
  2868 | D:4      | Found Larilouq's Distillery.
  2876 | D:4      | Bought a potion of might for 40 gold pieces
  2876 | D:4      | Bought a potion of attraction for 30 gold pieces
  2876 | D:4      | Bought a potion of flight for 30 gold pieces
  2876 | D:4      | Bought a potion of might for 40 gold pieces
  3145 | D:5      | Entered Level 5 of the Dungeon
  3275 | D:5      | Slain by a gnoll sergeant

Illustrated notes

Levels and vault maps discovered:
D:1:      moated_graveyard_arrival, layout_basic
D:2:      layout_basic, dreamdust_ecumenical_altar_angels_and_demons,
          uniq_sigmund
D:3:      layout_rooms, minmay_pentangle, uniq_natasha, uniq_robin
D:4:      layout_basic, serial_shops, shop
D:5:      layout_loops_corners, minmay_temple_entry_arrows, serial_shops,
          nicolae_take_the_stairs, sword_in_stone, uniq_blork_the_orc

Skill      XL: |  1  2  3  4  5  6  7 |
---------------+----------------------+-----
Maces & Flails | 2 3 4 |  4.1
Fighting       | 3 4 |  4.2
Dodging        | 3 4 |  4.2
Shields        | 3 4 |  4.2

Action                   |  1- 3 |  4- 6 |  7- 9 || total
-------------------------+-------+-------+-------++-------
Melee: Flail             |    56 |       |       ||    56
       Whip              |    39 |   136 |    45 ||   220
  Use: Scroll            |       |     7 |       ||     7
       Potion            |       |     1 |     1 ||     2
 Stab: Sleeping          |     1 |     4 |     3 ||     8
Armor: Robe              |    51 |    32 |     4 ||    87
Dodge: Dodged            |    53 |    58 |    10 ||   121
Block: Kite shield       |    43 |    47 |    13 ||   103

Table legend: (Time is in decaauts)
 A = Elapsed time spent in this place.
 B = Non-inter-level travel time spent in this place.
 C = Inter-level travel time spent in this place.
 D = Time resting spent in this place.
 E = Time spent auto-exploring this place.
 F = Levels seen in this place.
 G = Mean time per level.
                   A        B        C        D        E       F      G
               +--------+--------+--------+--------+--------+-----+--------+
         Total |   3313 |   2866 |    447 |    131 |   2081 |   5 |  662.6 |
       Dungeon |   3313 |   2866 |    447 |    131 |   2081 |   5 |  662.6 |
               +--------+--------+--------+--------+--------+-----+--------+

Top non-repeatable levels by time:
     D:2: 867 daAuts
     D:1: 785 daAuts
     D:3: 769 daAuts
     D:4: 761 daAuts
     D:5: 130 daAuts
